 Dungeon Crawl Stone Soup version 0.29-a0-620-g13ace881f2 (webtiles) character file.

Game seed: 235258792387025357

4552 CollectiveS the Basher (level 10, -1/70 HPs)
             Began as a Demonspawn Abyssal Knight on June 18, 2022.
             Was a Priest of Lugonu.
             Slain by Erica
             ... wielding a +4 scimitar of flaming
              (12 damage)
             ... on level 8 of the Dungeon.
             The game lasted 00:26:40 (11209 turns).

CollectiveS the Basher (Demonspawn Abyssal Knight) Turns: 11209, Time: 00:26:41

Health: -1/70      AC: 10    Str: 18    XL:     10   Next: 17%
Magic:  20/20      EV:  7    Int: 11    God:    Lugonu [***...]
Gold:   568        SH:  0    Dex: 17    Spells: 6/9 levels left

rFire   + . .      SeeInvis .   r - +8 mace of Ceyzxe {flame, MP+9 Dex+3}
rCold   . . .      Faith    .   (no shield)
rNeg    . . .      Spirit   .   e - +0 chain mail
rPois   .          Reflect  .   (helmet restricted)
rElec   .          Harm     .   (no cloak)
rCorr   .          Rampage  .   z - +1 pair of gloves
Will    .....                   (no boots)
Stlth   ..........              o - amulet of regeneration
HPRegen 1.01/turn               q - ring of protection from fire
MPRegen 0.17/turn               (no ring)

@: about to teleport, slowed, very slow
A: hooves 1, horns 2, condensation shield, demonic magic 1, weakness stinger 1
a: Renounce Religion, Depart the Abyss, Bend Space, Banish


You were on level 8 of the Dungeon.
You worshipped Lugonu.
Lugonu was most pleased with you.
You visited 1 branch of the dungeon, and saw 8 of its levels.
You visited the Abyss 1 time.

You collected 582 gold pieces.
You spent 14 gold pieces at shops.

Inventory:

Hand Weapons
 a - a +1 hand axe
 r - the +8 mace of Ceyzxe (weapon) {flame, MP+9 Dex+3}
   (You found it on level 3 of the Dungeon)

   It burns those it strikes, dealing additional fire damage.
   Dex:       It affects your dexterity (+3).
   MP:        It affects your magic capacity (+9).
Missiles
 f - 2 throwing nets
 G - a curare-tipped dart
Armour
 e - a +0 chain mail (worn)
 z - a +1 pair of gloves (worn)
Magical Staves
 g - a staff of air
Jewellery
 b - an amulet of faith
 o - an amulet of regeneration (around neck)
 q - a ring of protection from fire (left hand)
 w - a ring of magical power
Wands
 F - a wand of mindburst (2)
 H - a wand of polymorph (8)
Scrolls
 c - 3 scrolls of amnesia
 i - a scroll of fog {unknown}
 k - 5 scrolls of enchant armour
 l - 2 scrolls of blinking {unknown}
 m - 2 scrolls of noise {unknown}
 t - 4 scrolls of teleportation
 u - a scroll of silence {unknown}
 v - 2 scrolls of poison {unknown}
 y - a scroll of immolation {unknown}
 A - a scroll of torment {unknown}
 C - a scroll of magic mapping {unknown}
 E - a scroll of identify
Potions
 d - 4 potions of lignification
 h - 2 potions of mutation {unknown}
 j - a potion of berserk rage
 n - 2 potions of curing
 p - a potion of attraction {unknown}
 s - a potion of brilliance {unknown}
 x - 2 potions of flight
 B - a potion of haste {unknown}
 D - 3 potions of magic


   Skills:
 - Level 3.5 Fighting
 - Level 3.2(8.5) Axes
 * Level 12.2(12.4) Maces & Flails
 - Level 2.4 Armour
 - Level 0.8 Dodging
 * Level 4.8 Hexes
 - Level 2.5 Invocations


You had 6 spell levels left.
You knew the following spells:

 Your Spells              Type           Power      Damage    Failure   Level
a - Confusing Touch       Hex            10%        N/A       89%         3

Your spell library contained the following spells:

 Spells                   Type           Power      Damage    Failure   Level
 Tukima's Dance           Hex            10%        N/A       89%         3
 Blink                    Tloc           0%         N/A       100%        2
 Anguish                  Hex/Necr       2%         N/A       100%        4
 Passage of Golubria      Tloc           0%         N/A       100%        4
 Manifold Assault         Tloc           0%         N/A       100%        5
 Yara's Violent Unravell  Hex/Tmut       2%         3d3       100%        5
 Enfeeble                 Hex            5%         N/A       100%        7
 Storm Form               Tmut/Air       0%         N/A       100%        7


Dungeon Overview and Level Annotations

Branches:
Dungeon (8/15)             Temple (0/1) D:6
   Lair: D:8-11

Altars:
Elyvilon
Fedhas
Kikubaaqudgha
Okawaru
Sif Muna
Trog

Shops:
D:2 ![[   D:8 **

Annotations:
D:6 exclusion: oklob plant
D:8 Erica


Innate Abilities, Weirdness & Mutations

You have large cloven feet.
You have a pair of horns on your head.
A meltable shield of frost defends you. (SH +0)
Spells you cast may paralyse adjacent enemies.
You have a small tail.


Message History

* * * LOW HITPOINT WARNING * * *
The killer bee barely misses you.
Unknown command.
You feel better.
The killer bee stings you but does no damage. x2
Something hits you!
* * * LOW HITPOINT WARNING * * *
Something burns you.
* * * LOW HITPOINT WARNING * * *
The killer bee stings you.
* * * LOW HITPOINT WARNING * * *
You hear some strange, mumbled words.
Something tries to affect you, but you resist.
Okay, then.
As you read the scroll of teleportation, it crumbles to dust.
You feel strangely unstable. The killer bee barely misses you.
The killer bee stings you but does no damage.
Something hits you but does no damage.
The killer bee stings you but does no damage.
Unknown command.
Unknown command.
Unknown command.
Unknown command.
Unknown command.
You feel better. The killer bee stings you.
* * * LOW HITPOINT WARNING * * *
The killer bee barely misses you. Something hits you but does no damage.
The killer bee stings you!
* * * LOW HITPOINT WARNING * * *
You are poisoned.
The killer bee poisons you! Something hits you.
* * * LOW HITPOINT WARNING * * *
Something burns you.
* * * LOW HITPOINT WARNING * * *
Unknown command.
Unknown command.
Unknown command.
You feel better. The killer bee completely misses you.
The killer bee barely misses you. Something hits you!
You die...

#####....#.#.#.##.#######..#
# #....#.#.#.##..........# #
#....#.#.#.##..........######
#....#.#.#.##.........###....
####'#.#.#.##..>.....## #.###
#))#.#.............# #.# #
#.(#.#...#.........# #.#
####.#.###.{.......# #.#
.#.#...#@#.##.#..# #.#
########.#.###.#y#.......#
#.# .))).....#.#
#.#y#####..## #.#
####....##.###.#y#####..#
#.### #....##.....yyy....#.#
#.... #....##.###........#.#
##### #.....................
#....≈....###..........
#.........# #.........@


You could see 6 killer bees.

Vanquished Creatures
  Maggie (D:8)
  Prince Ribbit (D:6)
  A hornet (D:7)
  4 wyverns
  A shadow (D:7)
  3 steam dragons
  2 water moccasins (D:8)
  2 ice beasts
  A black bear (D:4)
  2 sky beasts
  A phantom (D:7)
  2 kobold brigands
  4 bullfrogs
  Blork the orc (D:5)
  3 scorpions
  12 killer bees
  2 howler monkeys (D:8)
  3 jellies
  3 orc priests
  3 gnoll shamans
  A hound (D:4)
  An iguana (D:6)
  Jessica (D:3)
  5 orc wizards
  9 adders
  14 gnolls
  2 ufetubi (D:4)
  A dart slug (D:3)
  24 orcs
  4 ball pythons
  7 bats
  6 endoplasms
  8 giant cockroaches
  7 goblins
  6 hobgoblins
  4 jackals (D:1)
  2 frilled lizards
  21 kobolds
  6 rats
181 creatures vanquished.

Notes
Turn   | Place    | Note
-------+----------+-------------------------------------------
     0 | Abyss:1  | CollectiveS the Demonspawn Abyssal Knight began the quest
                  | for the Orb.
     0 | Abyss:1  | Reached XP level 1. HP: 18/18 MP: 2/2
     0 | D:1      | Escaped the Abyss
   196 | D:1      | Reached ** piety under Lugonu
   231 | D:1      | Discovered your monstrous ancestry.
   231 | D:1      | Gained mutation: You have large cloven feet. [demonic
                  | ancestry]
   231 | D:1      | Reached XP level 2. HP: 16/24 MP: 3/3
  1154 | D:2      | Found Guenk's Distillery.
  1193 | D:2      | Bought a potion of degeneration for 14 gold pieces
  1281 | D:2      | Reached XP level 3. HP: 28/29 MP: 4/4
  1405 | D:2      | Found Qekko Ugem's Antique Armour Emporium.
  1517 | D:2      | Found a faded altar of an unknown god.
  1575 | D:2      | Found Yxzoff's Antique Armour Emporium.
  1919 | D:3      | Noticed Jessica
  1928 | D:3      | Killed Jessica
  2026 | D:3      | Reached *** piety under Lugonu
  2027 | D:3      | Gained mutation: Spells you cast may paralyse adjacent
                  | enemies. [demonic ancestry]
  2027 | D:3      | Reached XP level 4. HP: 35/35 MP: 5/5
  2256 | D:3      | Identified the +8 mace of Ceyzxe {flame, MP+9 Dex+3}
  2512 | D:3      | Found an ancient bone altar of Kikubaaqudgha.
  2524 | D:3      | Reached skill level 1 in Maces & Flails
  3082 | D:4      | Noticed a scorpion
  3102 | D:4      | Killed a scorpion
  3103 | D:4      | Reached skill level 2 in Maces & Flails
  3103 | D:4      | Gained mutation: You have a pair of small horns on your
                  | head. [demonic ancestry]
  3103 | D:4      | Reached XP level 5. HP: 36/41 MP: 6/6
  3111 | D:4      | Reached skill level 3 in Maces & Flails
  3123 | D:4      | Learned a level 3 spell: Confusing Touch
  3379 | D:4      | Reached skill level 1 in Hexes
  3379 | D:4      | Gained mutation: You have a pair of horns on your head.
                  | [demonic ancestry]
  3379 | D:4      | Reached XP level 6. HP: 5/47 MP: 7/7
  3497 | D:4      | Reached skill level 4 in Maces & Flails
  4002 | D:4      | Found an iron altar of Okawaru.
  4003 | D:4      | Found a bloodstained altar of Trog.
  4112 | D:4      | Reached **** piety under Lugonu
  4340 | D:4      | Reached XP level 7. HP: 52/52 MP: 8/8
  4355 | D:4      | Reached skill level 5 in Maces & Flails
  4560 | D:5      | Entered Level 5 of the Dungeon
  4610 | D:5      | Noticed Blork the orc
  4917 | D:5      | Killed Blork the orc
  5617 | D:5      | Found a shimmering blue altar of Sif Muna.
  5830 | D:6      | Reached skill level 6 in Maces & Flails
  6490 | D:6      | Noticed a steam dragon
  6531 | D:6      | Killed a steam dragon
  6630 | D:6      | Found a staircase to the Ecumenical Temple.
  6660 | D:6      | Gained mutation: You have a small tail. [demonic ancestry]
  6660 | D:6      | Reached XP level 8. HP: 20/58 MP: 9/9
  6691 | D:6      | Reached skill level 7 in Maces & Flails
  6894 | D:6      | Noticed Prince Ribbit
  6918 | D:6      | Killed Prince Ribbit
  7444 | D:6      | Reached skill level 8 in Maces & Flails
  8090 | D:6      | Found a blossoming altar of Fedhas.
  8113 | D:6      | Noticed an oklob plant
  8313 | D:7      | Reached skill level 9 in Maces & Flails
  8626 | D:7      | Gained mutation: A meltable shield of frost defends you.
                  | (SH +0) [demonic ancestry]
  8626 | D:7      | Reached XP level 9. HP: 50/64 MP: 10/10
  9047 | D:7      | Reached skill level 10 in Maces & Flails
 10182 | D:8      | Reached skill level 11 in Maces & Flails
 10439 | D:8      | Found Faopuw's Elemental Accessories.
 10452 | D:8      | Reached ***** piety under Lugonu
 10694 | D:8      | Found Ikoxkedwot's Changing Room.
 10701 | D:8      | Noticed Maggie
 10719 | D:8      | Killed Maggie
 10738 | D:8      | Reached XP level 10. HP: 70/70 MP: 11/11
 10965 | D:8      | Reached skill level 12 in Maces & Flails
 11189 | D:8      | Noticed Erica
 11209 | D:8      | Slain by Erica

Illustrated notes

Levels and vault maps discovered:
D:1:      dpeg_arrival_rooms_b, layout_basic
D:2:      layout_loops_ring, shapermc_ecumenical_altar_mp_vishouse,
          serial_shops, nicolae_shop_trees, shop, nicolae_square_shop,
          minmay_distorted
D:3:      minmay_razor_zed, layout_loops_ring, lemuel_round_altar, uniq_jessica
D:4:      minmay_evil_eye, layout_gridville, grunt_temple_overflow_bloody_war,
          elyvilon_altar_5
D:5:      layout_cave_pools, lemuel_blue_sif_altar, uniq_blork_the_orc
D:6:      layout_cave_pods, tgw_fedhas, minmay_temple_entry_wispy,
          chequers_serial_rivers_micro_a, uniq_prince_ribbit1
D:7:      layout_basic, grunt_ministairs_14, eino_jars
D:8:      layout_basic, nicolae_transmutations_shop, grunt_ministairs_6,
          supply_closet_lemuel, nicolae_elemental_shop, uniq_maggie, uniq_erica

Skill      XL: |  1  2  3  4  5  6  7  8  9 10 |
---------------+-------------------------------+-----
Armour         | 2 |  2.4
Axes           | 2 3 |  3.2
Maces & Flails | 2 3 4 6 9 11 12 | 12.2
Hexes          | 1 2 3 4 |  4.8
Fighting       | |  3.5
Dodging        | |  0.8
Invocations    | |  2.5

Action                   |  1- 3 |  4- 6 |  7- 9 | 10-12 || total
-------------------------+-------+-------+-------+-------++-------
Melee: Hand axe          |   102 |    20 |       |       ||   122
       Kick              |    22 |    18 |    54 |     9 ||   103
       Mace              |       |    80 |   213 |    46 ||   339
       Headbutt          |       |     4 |    29 |     5 ||    38
       Punch             |       |       |     4 |     3 ||     7
       Tailslap          |       |       |    13 |     6 ||    19
Invok: Depart the Abyss  |     1 |       |       |       ||     1
  Use: Potion            |       |     2 |     3 |     3 ||     8
       Scroll            |       |       |     8 |     1 ||     9
Armor: Leather armour    |    17 |       |       |       ||    17
       Chain mail        |    37 |    79 |   113 |    26 ||   255
Dodge: Dodged            |    51 |    27 |    72 |    17 ||   167
Block: Other             |       |       |    21 |    12 ||    33

Table legend: (Time is in decaauts)
 A = Elapsed time spent in this place.
 B = Non-inter-level travel time spent in this place.
 C = Inter-level travel time spent in this place.
 D = Time resting spent in this place.
 E = Time spent auto-exploring this place.
 F = Levels seen in this place.
 G = Mean time per level.
                   A        B        C        D        E       F      G
               +--------+--------+--------+--------+--------+-----+--------+
         Total |  11258 |  10811 |    447 |   1793 |   7041 |   9 | 1250.9 |
       Dungeon |  11258 |  10811 |    447 |   1793 |   7041 |   8 | 1407.2 |
         Abyss |      0 |      0 |      0 |      0 |      0 |   1 |    0.0 |
               +--------+--------+--------+--------+--------+-----+--------+

Top non-repeatable levels by time:
     D:6: 2581 daAuts
     D:7: 1861 daAuts
     D:4: 1724 daAuts
     D:3: 1256 daAuts
     D:1: 1100 daAuts
     D:8: 1045 daAuts
     D:5: 907 daAuts
     D:2: 780 daAuts
